 Dungeon Crawl Stone Soup version 0.31-a0-986-g5e6e4ef867 (webtiles) character file.

Game seed: 4212314329897358970

2095 sammy202020 the Ruffian (level 9, -1/63 HPs)
             Began as a Troll Shapeshifter on Nov 19, 2023.
             Was a Believer of Hepliaklqana.
             Slain by a killer bee (2 damage)
             ... on level 9 of the Dungeon.
             The game lasted 00:10:11 (5189 turns).

sammy202020 the Ruffian (Troll Shapeshifter)        Turns: 5189, Time: 00:10:11

Health: -1/63      AC:  6    Str: 26    XL:     9   Next: 7%
Magic:  6/8        EV: 15    Int: 10    God:    Hepliaklqana [**....]
Gold:   240        SH:  0    Dex:  9    Spells: 8/8 levels left

rFire   . .          .
                       - Unarmed
rCold   + . .        (shield currently unavailable)
rNeg    . . .        f - +1 robe of Amopet {Fly rC+ Str+2}
rPois   +            s - +1 hat
rElec   .            (no cloak)
rCorr   .            (gloves unavailable)
SInv    .            (boots unavailable)
Will    ++...        x - amulet of regeneration
Stlth   +            G - ring of poison resistance
HPRegen 1.90/turn    q - +5 ring of evasion
MPRegen 0.11/turn

%: clarity
@: lethally poisoned (-1 -> -2), flux-form, flying, glowing
A: glow, contaminating, reduced hp, reduced essence, large, unfitting armour,
claws 3, regeneration 1, shaggy fur 1, tough skin 1, clarity, frail 1,
strong-willed 2
a: Begin Untransformation, Renounce Religion, Ancestor Life: Knight, Ancestor
Life: Battlemage, Ancestor Life: Hexer, Recall Ancestor, Ancestor Identity


You were on level 9 of the Dungeon.
You worshipped Hepliaklqana.
Hepliaklqana was pleased with you.
You were something dangerously unstable.
You visited 2 branches of the dungeon, and saw 10 of its levels.

You collected 472 gold pieces.
You spent 232 gold pieces at shops.

Inventory:

Hand Weapons
 m - the +3 sling of the Mashing Gods {speed, rPois MP+9 Int+3}
   (You took it off a kobold on level 2 of the Dungeon)

   Int+3:     It affects your intelligence (+3).
   rPois:     It protects you from poison MP+9: It affects your magic capacity
   (+9).
 o - a +2 hand axe of flaming
Missiles
 e - 55 stones
 l - 5 boomerangs
 t - 5 atropa-tipped darts (quivered)
Armour
 a - a +0 animal skin
 f - the +1 robe of Amopet (worn) {Fly rC+ Str+2}
   (You bought it in a shop on level 3 of the Dungeon)

   Str+2:     It affects your strength (+2).
   rC+:       It protects you from cold.
   Fly:       It grants you flight.
 k - a scarf of invisibility
 s - a +1 hat (worn)
Jewellery
 g - a ring of resist corrosion
 q - a +5 ring of evasion (right claw)
 r - a ring of willpower
 x - an amulet of regeneration (around neck)
 G - a ring of poison resistance (left claw)
Talismans
 c - a beast talisman
 d - a flux talisman (active)
Wands
 y - a wand of flame (31)
 A - a wand of charming (6)
 C - a wand of iceblast (6)
 E - a wand of digging (7)
Scrolls
 u - a scroll of revelation
 z - 2 scrolls of teleportation
 F - a scroll of enchant weapon
 H - a scroll of enchant armour
Potions
 b - a potion of lignification
 h - 3 potions of curing
 i - a potion of might
 j - a potion of brilliance
 p - 3 potions of haste
 v - a potion of heal wounds
 w - a potion of attraction
 B - 2 potions of ambrosia
 D - a potion of enlightenment {unknown}


   Skills:
 * Level 4.9 Fighting
 + Level 3.3 Armour
 + Level 3.6 Dodging
 * Level 6.6 Unarmed Combat
 * Level 6.2 Shapeshifting


You had 8 spell levels left.
You didn't know any spells.
Your spell library contained the following spells:

 Spells                   Type           Power      Damage    Failure   Level
 Sting                    Tmut/Pois      0%         1d3       36%         1
 Poisonous Vapours        Pois/Air       0%         N/A       50%         2
 Ignite Poison            Fire/Tmut/Pois 0%         N/A       75%         3
 Olgreb's Toxic Radiance  Pois           0%         N/A       98%         4
 Sticky Flame             Conj/Fire      0%         2d3       98%         4
 Ignition                 Fire           0%         3d3       100%        8


Dungeon Overview and Level Annotations

Branches:
Dungeon (10/15)            Temple (1/1) D:6
   Lair: D:8-11         Orc: D:9-12

Altars:
Ashenzari
Cheibriados
Dithmenos
Elyvilon
Fedhas
Hepliaklqana
Kikubaaqudgha
Makhleb
Nemelex Xobeh
Okawaru
Qazlal
Sif Muna
Trog
Vehumet
Wu Jian
Xom
Yredelemnul
Zin
The Shining One

Shops:
D:3 [

Annotations:
D:3 1 runed translucent door


Innate Abilities, Weirdness & Mutations

You are something dangerously unstable.
You glow with magical radiation, making you easy to see and hit.
Foes you strike become dangerously contaminated with magical radiation.
Your maximum health is decreased, since you lack skill for your form.
You are incapable of wielding weapons or throwing items.
Your life essence is reduced to manifest your ancestor. (-10% HP)
You are too large for most types of armour.
You have claws for hands.
Your natural rate of healing is unusually fast.
You are covered in fur. (AC +1)
You have tough skin. (AC +1)
You possess an exceptional clarity of mind.
You are frail. (-10% HP)
You are highly strong-willed. (Will++)


Message History

You closely miss the killer bee.
The killer bee is heavily wounded.
You feel sick. The killer bee barely misses you. x2
The killer bee stings you.
* * * LOW HITPOINT WARNING * * *
The killer bee barely misses you. x2; The killer bee stings you.
* * * LOW HITPOINT WARNING * * *
The killer bee barely misses you. x2
What are your orders? t - Shout!
Orders for allies: a - Attack new target. r - Retreat! s - Stop attacking. g - Guard the area. f - Follow me.
Anything else - Cancel.
Retreat in which direction?
Press: ? - help, Dir - move target, f - you
Okay, then.
You can't make this choice while your ancestor is elsewhere.
Ntombi is recalled.
You feel sick. The killer bee stings you.
* * * LOW HITPOINT WARNING * * *
The killer bee stings you but does no damage.
The killer bee stings you.
* * * LOW HITPOINT WARNING * * *
The killer bee barely misses you. The killer bee misses you.
The killer bee barely misses you. x2; The killer bee closely misses you.
The killer bee barely misses you. The killer bee stings you.
* * * LOW HITPOINT WARNING * * *
The killer bee barely misses you. The killer bee closely misses you.
You claw the killer bee!
You kill the killer bee!
You feel sick.
The killer bee misses you. x2; The killer bee stings you!
* * * LOW HITPOINT WARNING * * *
You are lethally poisoned!
The killer bee poisons you!
The killer bee stings you but does no damage.
The killer bee closely misses you.
Ntombi hits the killer bee.
The killer bee stings you but does no damage.
The killer bee stings you.
You die...

.......
.......
.......
#####.......
#...........
#...........
#...........
#..†yy...###
#...py...#
#..Ryy...#
#........#
#........#
#........#
##########


You could see the friendly Ntombi the ancestor and 5 killer bees.

Vanquished Creatures
  A troll (D:10)
  Menkaure (D:7)
  A steam dragon (D:7)
  An ice beast (D:5)
  A centaur (D:7)
  A phantom (D:5)
  2 kobold brigands (D:7)
  3 bullfrogs (D:7)
  A scorpion (D:7)
  A killer bee (D:9)
  A jelly (D:5)
  2 hounds
  5 orc priests
  A sleepcap (D:6)
  Ijyb (D:5)
  6 iguanas
  7 orc wizards
  2 gnolls (D:4)
  8 adders
  A white imp (D:7)
  27 orcs
  7 ball pythons
  6 bats
  4 endoplasms
  4 giant cockroaches
  8 goblins
  9 hobgoblins
  3 jackals (D:1)
  6 quokkas
  6 frilled lizards
  12 kobolds
  8 rats
147 creatures vanquished.

Vanquished Creatures (collateral kills)
  2 bullfrogs
  An adder (D:6)
  2 orcs (D:7)
  3 kobolds (D:7)
8 creatures vanquished.

Grand Total: 155 creatures vanquished

Notes
Turn   | Place    | Note
-------+----------+-------------------------------------------
     0 | D:1      | sammy202020 the Troll Shapeshifter began the quest for the
                  | Orb.
     0 | D:1      | Reached XP level 1. HP: 18/18 MP: 0/0
    81 | D:1      | Reached skill level 1 in Fighting
   117 | D:1      | Reached XP level 2. HP: 27/27 MP: 1/1
   527 | D:1      | Reached XP level 3. HP: 32/33 MP: 2/2
  1012 | D:2      | Identified the +3 sling of the Mashing Gods {speed, rPois
                  | MP+9 Int+3}
  1085 | D:2      | Found a blossoming altar of Fedhas.
  1283 | D:2      | Gained mutation: You occasionally lose the ability to drink
                  | potions when taking damage. [potion of mutation]
  1377 | D:3      | Found a faded altar of an unknown god.
  1414 | D:3      | Reached skill level 1 in Armour
  1414 | D:3      | Reached XP level 4. HP: 18/42 MP: 3/3
  1475 | D:3      | Found Jakhasuq's Antique Armour Shoppe.
  1478 | D:3      | Bought a twisted robe for 136 gold pieces
  1478 | D:3      | Identified the +1 robe of Amopet {Fly rC+ Str+2} (You
                  | bought it in a shop on level 3 of the Dungeon)
  1773 | D:3      | Found a runed translucent door.
  1773 | D:3      | Noticed a human
  1778 | D:3      | Found a basalt altar of Yredelemnul.
  2091 | D:4      | Reached XP level 5. HP: 46/49 MP: 4/4
  2280 | D:3      | Bought a hat for 96 gold pieces
  2979 | D:5      | Entered Level 5 of the Dungeon
  3003 | D:5      | Found a snail-covered altar of Cheibriados.
  3006 | D:5      | Reached XP level 6. HP: 59/59 MP: 5/5
  3006 | D:5      | Found a glowing golden altar of the Shining One.
  3053 | D:5      | Found a shadowy altar of Dithmenos.
  3136 | D:5      | Noticed an ice beast
  3144 | D:5      | Killed an ice beast
  3177 | D:5      | Reached XP level 7. HP: 67/67 MP: 6/6
  3214 | D:5      | Noticed Ijyb
  3218 | D:5      | Killed Ijyb
  3250 | D:5      | Found an iron altar of Okawaru.
  3273 | D:5      | Reached skill level 5 in Unarmed Combat
  3417 | D:5      | Found a glowing silver altar of Zin.
  3418 | D:5      | Noticed an angel
  3716 | D:6      | Found a staircase to the Ecumenical Temple.
  3725 | Temple   | Entered the Ecumenical Temple
  3872 | Temple   | Became a worshipper of Hepliaklqana the Forgotten
  4180 | D:6      | Reached * piety under Hepliaklqana
  4356 | D:6      | Reached skill level 5 in Shapeshifting
  4472 | D:7      | Found a stormy altar of Qazlal.
  4489 | D:7      | Reached XP level 8. HP: 70/70 MP: 7/7
  4564 | D:7      | Lost mutation: You occasionally lose the ability to drink
                  | potions when taking damage. [potion of mutation]
  4564 | D:7      | Gained mutation: You are strong-willed. (Will+) [potion of
                  | mutation]
  4564 | D:7      | Gained mutation: You are frail. (-10% HP) [potion of
                  | mutation]
  4564 | D:7      | Gained mutation: You possess an exceptional clarity of
                  | mind. [potion of mutation]
  4564 | D:7      | Gained mutation: You are highly strong-willed. (Will++)
                  | [potion of mutation]
  4755 | D:7      | Noticed Menkaure
  4761 | D:7      | Killed Menkaure
  4824 | D:7      | Found a shimmering blue altar of Sif Muna.
  5103 | D:7      | You are sucked into a shaft and drop 3 floors!
  5103 | D:10     | Entered Level 10 of the Dungeon
  5148 | D:10     | Reached ** piety under Hepliaklqana
  5155 | D:10     | Noticed a troll
  5166 | D:10     | Killed a troll
  5167 | D:10     | Reached XP level 9. HP: 22/69 MP: 8/8
  5189 | D:9      | HP: 1/63 [killer bee (7)]
  5189 | D:9      | Slain by a killer bee

Illustrated notes

Levels and vault maps discovered:
D:1:      psy_arrival_spokes, layout_loops_ring, minmay_split_cup_small
D:2:      layout_loops_ring, basic_altar
D:3:      layout_loops_ring, dk_yredelemnul_ordeal,
          hellmonk_ecumenical_altar_heavens_door, serial_shops,
          nicolae_shop_behind_doors
D:4:      wad_woods_tower, layout_basic, serial_forest,
          infiniplex_forest_side_room, infiniplex_forest_3_way,
          infiniplex_forest_clump_double, infiniplex_forest_diagonal,
          infiniplex_forest_end_2
D:5:      layout_rooms, mainiacjoe_overflow_boulevard, okawaru_gym_becter,
          zin_angel, mainiacjoe_overflow_catwalk_spiral, uniq_ijyb
D:6:      layout_gridville, minmay_temple_entry_proselytizer
D:7:      layout_basic, grunt_qazlal_sundering, tgw_sif, minivault_23,
          uniq_menkaure
D:9:      layout_basic
D:10:     layout_cave_pools, dancing_weapons_uskayaw, amcnicky_altar_gilded,
          orc_david_3, hangedman_decor_growths
Temple:   minmay_temple_curvy_loop

Skill      XL: |  1  2  3  4  5  6  7  8 |
---------------+-------------------------+-----
Fighting       | 1 2 3 4 |  4.9
Armour         | 1 2 3 |  3.3
Dodging        | 2 3 |  3.6
Unarmed Combat | 4 5 6 |  6.6
Shapeshifting  | 4 5 6 |  6.2

Action                     |  1- 3 |  4- 6 |  7- 9 || total
---------------------------+-------+-------+-------++-------
  Melee: Unarmed           |    97 |   129 |   139 ||   365
         Punch             |     3 |       |     4 ||     7
  Throw: Boomerang         |     4 |       |       ||     4
 Invoke: Recall Ancestor   |       |       |     1 ||     1
    Use: Scroll            |     9 |     2 |     4 ||    15
         Potion            |     1 |     3 |     1 ||     5
   Stab: Sleeping          |     2 |       |     1 ||     3
         Distracted        |       |       |     1 ||     1
 Armour: Animal skin       |    62 |       |       ||    62
         Robe              |       |    51 |   101 ||   152
  Dodge: Dodged            |    35 |    71 |   132 ||   238
   Form: Flux              |       |       |     1 ||     1

Table legend: (Time is in decaauts)
 A = Elapsed time spent in this place.
 B = Non-inter-level travel time spent in this place.
 C = Inter-level travel time spent in this place.
 D = Time resting spent in this place.
 E = Time spent auto-exploring this place.
 F = Levels seen in this place.
 G = Mean time per level.
                   A        B        C        D        E       F      G
               +--------+--------+--------+--------+--------+-----+--------+
         Total |   5137 |   4859 |    278 |     20 |   3650 |  10 |  513.7 |
       Dungeon |   4957 |   4679 |    278 |     20 |   3650 |   9 |  550.8 |
        Temple |    180 |    180 |      0 |      0 |      0 |   1 |  180.0 |
               +--------+--------+--------+--------+--------+-----+--------+

Top non-repeatable levels by time:
     D:4: 948 daAuts
     D:1: 700 daAuts
     D:3: 677 daAuts
     D:7: 669 daAuts
     D:5: 638 daAuts
     D:2: 636 daAuts
     D:6: 606 daAuts
  Temple: 180 daAuts
    D:10: 62 daAuts
     D:9: 18 daAuts
